 Dungeon Crawl Stone Soup version 0.17-b1-20-g63edfd6 (webtiles) character file.

264 l0ser140 the Covered (level 6, -6/53 HPs)
             Began as a Hill Orc Fighter on Nov 4, 2015.
             Mangled by an ice beast (14 damage)
             ... on level 6 of the Dungeon.
             The game lasted 00:08:44 (3544 turns).

l0ser140 the Covered (Hill Orc Fighter)             Turns: 3544, Time: 00:08:44

Health: -6/53      AC: 10    Str: 20    XL:     6   Next: 19%
Magic:  6/6        EV: 10    Int:  9    God:
Gold:   210        SH:  9    Dex: 10    Spells: 0 memorised, 5 levels left

rFire  . . .     SeeInvis .     a - +1 long sword
rCold  . . .     Clarity  .     b - +0 scale mail
rNeg   . . .     SustAt   .     c - +0 shield
rPois  .         Gourm    .     (no helmet)
rElec  .         Spirit   .     (no cloak)
rCorr  .         Warding  .     (no gloves)
rMut   .         Stasis   .     (no boots)
MR     .....                    (no amulet)
Stlth  ..........               q - +3 ring of protection
                                p - +3 ring of evasion

@: heavily drained, not resistant to hostile enchantments, extremely unstealthy
A: no striking features
a: no special abilities


You were on level 6 of the Dungeon.
You were not hungry.

You visited 1 branch of the dungeon, and saw 6 of its levels.

You collected 210 gold pieces.

Inventory:

Hand Weapons
 a - a +1 long sword (weapon)
Armour
 b - a +0 scale mail (worn)
 c - a +0 shield (worn)
Jewellery
 p - a +3 ring of evasion (left hand)
 q - a +3 ring of protection (right hand)
Wands
 i - a wand of frost (17)
Scrolls
 h - a scroll of identify
 l - a scroll of random uselessness {unknown}
Potions
 d - a potion of might
 m - 2 potions of agility
Comestibles
 e - 3 bread rations
 f - 6 chunks of flesh
 g - 2 slices of pizza
 j - 3 fruits
 n - a meat ration


   Skills:
 + Level 4.6(3.0) Fighting
 + Level 2.9(1.4) Long Blades
 + Level 5.3(3.7) Armour
 - Level 1.4(0.0) Dodging
 + Level 4.4(2.8) Shields


You had 5 spell levels left.
You didn't know any spells.

Dungeon Overview and Level Annotations

Branches:
Dungeon (6/15)
 Temple: D:4-7

Altars:
Ashenzari
Makhleb
The Shining One

Annotations:
D:3 l0ser140's ghost, amateur HOFi


Message History

The ice beast hits you but does no damage.
You block the worm's attack. You block the ice beast's attack.
Your shield prevents you from hitting the ice beast.
The ice beast is moderately wounded.
The ice beast hits you. The ice beast freezes you! You block the worm's attack.
Your shield and scale mail prevent you from hitting the ice beast.
The ice beast is moderately wounded.
You block the ice beast's attack. The worm bites you.
* * * LOW HITPOINT WARNING * * *
You hit the ice beast.
The ice beast is heavily wounded.
The ice beast hits you.
* * * LOW HITPOINT WARNING * * *
The ice beast freezes you!
* * * LOW HITPOINT WARNING * * *
Drink which item? (? for menu, Esc to quit)
You feel better. The ice beast hits you.
* * * LOW HITPOINT WARNING * * *
The ice beast freezes you!
You die...

...## ##.##
##.........w.......
....## #.##
##................
.....###.#
#................
......##.#
#...............
.......#.##
#..............
..........#
#...####..../.
..........# ##...# #....
..........## ###....#
...
...........###..@Y..##
..
.................##..##
...
...............#####..##
.... ...........#####
##w.### #..#
...........#
##...##...##
...........# ##........#
...........# ##<..###.
..........##
########.....##
##.......##
..............#


You could see an ice beast.

Vanquished Creatures
  An ogre (D:5)
  2 orc wizards (D:5)
  A worker ant (D:4)
  A worker ant zombie (D:5)
  4 adders
  2 oozes (D:1)
  3 worms
  3 giant geckos
  An orc (D:5)
  3 bats
  2 giant cockroaches
  5 goblins
  3 hobgoblins (D:1)
  2 giant newts
  A jackal skeleton (D:5)
  4 kobolds
  3 rats
41 creatures vanquished.

Vanquished Creatures (others)
  A giant frog skeleton (D:4)
1 creature vanquished.

Grand Total: 42 creatures vanquished

Notes
Turn   | Place    | Note
--------------------------------------------------------------
     0 | D:1      | l0ser140 the Hill Orc Fighter began the quest for the Orb.
     0 | D:1      | Reached XP level 1. HP: 19/19 MP: 1/1
    52 | D:1      | Reached XP level 2. HP: 25/27 MP: 2/2
   258 | D:1      | Reached skill level 4 in Fighting
   631 | D:1      | Reached XP level 3. HP: 30/33 MP: 3/3
   923 | D:2      | Found a shattered altar of Ashenzari.
  1819 | D:3      | Noticed l0ser140's ghost (amateur HOFi)
  1897 | D:3      | Reached XP level 4. HP: 9/40 MP: 4/4
  2190 | D:4      | Noticed an ogre
  2218 | D:5      | Entered Level 5 of the Dungeon
  2232 | D:5      | Reached skill level 1 in Dodging
  2574 | D:5      | Reached XP level 5. HP: 17/46 MP: 5/5
  2809 | D:5      | Found a glowing golden altar of the Shining One.
  3143 | D:5      | Noticed a phantom
  3185 | D:6      | Found a burning altar of Makhleb.
  3204 | D:6      | Noticed a sky beast
  3236 | D:6      | Noticed an ogre
  3438 | D:6      | Noticed an ice beast
  3449 | D:5      | Killed an ogre
  3449 | D:5      | Reached skill level 5 in Armour
  3449 | D:5      | Reached XP level 6. HP: 41/53 MP: 6/6
  3543 | D:6      | HP: 2/53 [ice beast (13)]
  3544 | D:6      | Mangled by an ice beast

Action                   |  1- 3 |  4- 6 || total
-------------------------+-------+-------++-------
Melee: Long sword        |   145 |   106 ||   251
  Use: Potion            |       |     3 ||     3
       Scroll            |       |     7 ||     7
  Eat: Chunk             |     3 |     3 ||     6
       Pizza             |       |     1 ||     1
       Beef jerky        |       |     1 ||     1
